 Dungeon Crawl Stone Soup version 0.21-a0-221-gfe971b9 (webtiles) character file.

3951 motkurip the Ducker (level 10, -3/69 HPs)
             Began as an Octopode Necromancer on Aug 27, 2017.
             Was an Initiate of Kikubaaqudgha.
             Killed by divine providence
             ... invoked by an orc priest
              (15 damage)
             ... on level 10 of the Dungeon.
             The game lasted 00:28:07 (9605 turns).

motkurip the Ducker (Octopode Necromancer)          Turns: 9605, Time: 00:28:08

Health: -3/69      AC:  1    Str: 12    XL:     10   Next: 21%
Magic:  23/23      EV: 17    Int: 18    God:    Kikubaaqudgha [......]
Gold:   181        SH:  0    Dex: 13    Spells: 3/15 levels left

rFire    . . .     SeeInvis .     - Unarmed
rCold    . . .     Gourm    .   (no shield)
rNeg     . . .     Faith    .   (helmet restricted)
rPois    .         Spirit   .   (no amulet)
rElec    .         Reflect  .   c - ring of resist corrosion
rCorr    +         Harm     .   A - ring of wizardry
MR       .....                  F - ring of magical power (curse)
Stlth    ++........             (no ring)
HPRegen  0.21/turn              (no ring)
MPRegen  0.18/turn              (no ring)
                                (no ring)
                                (no ring)

@: confused, lethally poisoned (-3 -> -13), hasted and slowed, drained
A: almost no armour, stealthy swim, amphibious, 8 rings, constrict 8, camouflage
1, clumsy 1, strong 2, gelatinous body 1, MP-powered wands
a: Renounce Religion


You were on level 10 of the Dungeon.
You worshipped Kikubaaqudgha.
Kikubaaqudgha was noncommittal.
You were hungry.

You visited 1 branch of the dungeon, and saw 10 of its levels.
You also visited: Bailey.

You collected 371 gold pieces.
You spent 190 gold pieces at shops.

Inventory:

Hand Weapons
 e - a +0 dagger
 q - a -1 dagger
 y - a +4 flail of crushing
 J - a +2 whip of flaming
Missiles
 z - a throwing net (quivered)
Armour
 m - a +0 large shield
 K - a +0 shield
Jewellery
 c - a ring of resist corrosion (left tentacle)
 v - an uncursed ring of fire
 A - a ring of wizardry (right tentacle)
 F - a cursed ring of magical power (on tentacle)
Wands
 k - a wand of disintegration (17/24)
 D - a wand of acid (3/15)
 L - a wand of iceblast (7/15)
Scrolls
 d - 5 scrolls of recharging
 g - 3 scrolls of blinking
 j - a scroll of fog
 o - 2 scrolls of fear
 p - 6 scrolls of teleportation
 r - a scroll of amnesia
 w - 2 scrolls of remove curse
 x - a scroll of enchant armour
 B - 2 scrolls of enchant weapon
 G - a scroll of identify
Potions
 f - a potion of mutation
 n - a potion of haste
 s - a potion of flight
 t - a potion of magic {unknown}
 u - a potion of might {unknown}
 C - 2 potions of resistance {unknown}
 I - a potion of berserk rage {unknown}
Books
 a - a book of Necromancy

   Spells                             Type                      Level
   a - Pain                           Necromancy                   1
   b - Animate Skeleton               Necromancy                   1
   c - Vampiric Draining              Necromancy                   3
   d - Regeneration                   Charms/Necromancy            3
   e - Animate Dead                   Necromancy                   4
   f - Control Undead                 Necromancy                   4
Comestibles
 b - 4 bread rations
 h - 9 royal jellies
 i - 4 meat rations
 E - 9 fruits
 H - a chunk of flesh


   Skills:
 - Level 6.4(6.1) Fighting
 - Level 7.0(6.7) Dodging
 - Level 5.6(5.3) Stealth
 * Level 5.6(5.3) Shields
 - Level 6.3(6.0) Unarmed Combat
 - Level 3.0(2.7) Spellcasting
 - Level 2.2(1.9) Charms
 - Level 6.0(5.7) Necromancy


You had 3 spell levels left.
You knew the following spells:

 Your Spells              Type           Power        Failure   Level  Hunger
a - Control Undead        Necr           ###.......   6%          4    #####..
f - Pain                  Necr           ###.         1%          1    #......
k - Animate Skeleton      Necr           N/A          1%          1    #......
r - Regeneration          Chrm/Necr      ###.......   4%          3    ###....
v - Vampiric Draining     Necr           ###.......   1%          3    ###....


Dungeon Overview and Level Annotations

Branches:
Dungeon (11/15)               Orc (0/2) D:11
 Temple: D:4-7         Lair: D:8-11

Altars:
Dithmenos
Kikubaaqudgha
Nemelex Xobeh
Ru
Xom
The Shining One

Shops:
D:6 *=?*[   D:7 *   D:11 (

Annotations:
D:1 exclusion: downstairs
D:5 2 transporters
D:6 1 runed door, exclusion: downstairs
D:7 Syneil's ghost, novice MiFi


Innate Abilities, Weirdness & Mutations

You cannot wear most types of armour.
You are very stealthy in the water. (Stealth+)
You are amphibious.
You can wear up to eight rings at the same time.
You can use your tentacles to constrict eight enemies at once.
Your skin changes colour to match your surroundings (Stealth+).
Your rubbery body absorbs attacks. (AC +1, EV +1)
You are clumsy. (Dex -2)
Your muscles are very strong. (Str +4)
You expend magic power (3 MP) to strengthen your wands.


Message History

You feel sick. The wight misses you.
The wight hits your orc priest skeleton with an enchanted short sword.
Your orc priest skeleton is destroyed!
You feel sick. The wight closely misses you.
You feel sick. The wight barely misses you.
The wight hits you with an enchanted dire flail.
The orc priest calls down the wrath of Beogh upon you.
Beogh smites you!
* * * LOW HITPOINT WARNING * * *
You hear a shout!
You feel sick.
The wight hits you with an enchanted short sword.
* * * LOW HITPOINT WARNING * * *
You feel drained.
* * * LOW HITPOINT WARNING * * *
The wight barely misses you.
The orc priest invokes the aid of Beogh against you.
Beogh smites you!
You die...
Kikubaaqudgha rasps: "You have failed me!
Welcome... death!"

######
##########
###......
.........#
#o(......
.......>.# ##)#
.........####zo#
.........##.@zz#
.........##)####
.........#..#
..........#.#
............#
.......(.####
#########


You could see 3 wights, an orc priest and an orc.

Vanquished Creatures
  Sonja (D:10)
  Pikel (D:8)
  A hornet (D:8)
  Sigmund (D:2)
  Edmund (D:5)
  2 soldier ants (D:8)
  A water moccasin (D:6)
  3 sky beasts
  2 slaves (D:8)
  3 orc warriors
  2 ogres
  2 centaurs
  4 big kobolds
  A bullfrog (D:6)
  An electric eel (D:6)
  2 crimson imps
  A centaur zombie (D:6)
  4 hounds
  2 orc priests
  A jelly (D:6)
  2 centaur skeletons
  Natasha (thrice) (D:2)
  3 orc wizards (D:6)
  6 worker ants
  Terence (D:2)
  14 gnolls
  2 adders
  An adder zombie (D:7)
  6 dart slugs
  3 leopard geckos
  10 orcs
  7 bats
  4 giant cockroaches
  11 hobgoblins
  34 kobolds
  3 quokkas
  2 ball pythons
  A frilled lizard (D:3)
  A giant cockroach zombie (D:5)
  11 goblins
  A jackal skeleton (D:5)
  7 rats
169 creatures vanquished.

Vanquished Creatures (collateral kills)
  A water moccasin (D:6)
  A slave (D:8)
  A gnoll (D:3)
  A leopard gecko (D:2)
  2 kobolds (D:3)
6 creatures vanquished.

Grand Total: 175 creatures vanquished

Notes
Turn   | Place    | Note
-------+----------+-------------------------------------------
     0 | D:1      | motkurip the Octopode Necromancer began the quest for the Orb.
     0 | D:1      | Reached XP level 1. HP: 11/11 MP: 3/3
    22 | D:1      | Learned a level 1 spell: Animate Skeleton
   281 | D:1      | Reached XP level 2. HP: 17/17 MP: 5/5
   980 | D:2      | Noticed Sigmund
  1446 | D:1      | Reached XP level 3. HP: 18/21 MP: 6/6
  1620 | D:1      | Learned a level 3 spell: Vampiric Draining
  1677 | D:1      | Reached skill level 5 in Necromancy
  1786 | D:2      | Noticed Terence
  1792 | D:2      | Killed Terence
  1872 | D:2      | Noticed Natasha
  1880 | D:2      | Killed Natasha
  1880 | D:2      | Reached XP level 4. HP: 24/27 MP: 0/7
  1907 | D:2      | Noticed Natasha
  1912 | D:2      | Killed Natasha
  1979 | D:2      | Noticed Natasha
  1990 | D:2      | Killed Natasha
  1990 | D:2      | Reached XP level 5. HP: 19/32 MP: 4/8
  2053 | D:2      | Reached skill level 1 in Fighting
  2268 | D:2      | Killed Sigmund
  2268 | D:2      | Reached skill level 3 in Dodging
  2268 | D:2      | Reached XP level 6. HP: 12/39 MP: 1/9
  2374 | D:2      | Found a shimmering altar of Xom.
  2469 | D:2      | Found a shimmering altar of Xom.
  2469 | D:2      | Found a shimmering altar of Xom.
  2601 | D:2      | Found a shadowy altar of Dithmenos.
  3285 | D:3      | Found a faded altar of an unknown god.
  3348 | D:3      | Reached XP level 7. HP: 36/45 MP: 6/10
  3647 | D:4      | Learned a level 3 spell: Regeneration
  4208 | D:5      | Entered Level 5 of the Dungeon
  4385 | D:5      | Found a transporter.
  4385 | D:5      | Found a transporter.
  4460 | D:5      | Noticed Edmund
  4471 | D:5      | Killed Edmund
  4471 | D:5      | Reached skill level 4 in Dodging
  4471 | D:5      | Reached skill level 1 in Charms
  5488 | D:6      | Found Horchaan's Assorted Antiques.
  5494 | D:6      | Bought a tourmaline ring for 100 gold pieces
  5497 | D:6      | Bought a scroll labeled RUOS ALEZEOMU for 20 gold pieces
  5499 | D:6      | Bought a green potion for 18 gold pieces
  5640 | D:6      | Found Maul's Assorted Antiques.
  5650 | D:6      | Reached XP level 8. HP: 35/54 MP: 5/11
  5658 | D:6      | Bought a scroll of identify for 52 gold pieces
  5668 | D:6      | Found Amugumid's Antique Armour Shoppe.
  6292 | D:6      | Found a sparkling altar of Nemelex Xobeh.
  6312 | D:6      | Found Dies's Magic Scroll Shoppe.
  6332 | D:6      | Found Yku Xuto's Jewellery Boutique.
  6346 | D:6      | Reached skill level 5 in Dodging
  6363 | D:6      | Gained mutation: Your muscles are strong. (Str +2) [mutagenic meat]
  6364 | D:6      | Gained mutation: You are frail. (-10% HP) [mutagenic meat]
  6365 | D:6      | Gained mutation: Your muscles are very strong. (Str +4) [mutagenic meat]
  6366 | D:6      | Lost mutation: You are frail. (-10% HP) [potion of mutation]
  6366 | D:6      | Lost mutation: Your muscles are very strong. (Str +4) [potion of mutation]
  6366 | D:6      | Gained mutation: You expend magic power (3 MP) to strengthen your wands. [potion of mutation]
  6366 | D:6      | Gained mutation: You are clumsy. (Dex -2) [potion of mutation]
  6366 | D:6      | Gained mutation: Your muscles are very strong. (Str +4) [potion of mutation]
  6606 | D:6      | Learned a level 4 spell: Control Undead
  6951 | D:6      | Found a runed door.
  7002 | D:6      | Reached skill level 5 in Unarmed Combat
  7026 | D:6      | Found a sacrificial altar of Ru.
  7155 | D:6      | Reached skill level 5 in Fighting
  7362 | D:7      | Noticed Syneil's ghost (novice MiFi)
  7619 | D:7      | Reached XP level 9. HP: 51/61 MP: 12/13
  7738 | D:7      | Found Qefusk's General Store.
  7740 | D:7      | Found a flagged portal.
  7776 | Bailey   | Entered a bailey
  7806 | Bailey   | Reached skill level 6 in Dodging
  8221 | D:7      | Found an ancient bone altar of Kikubaaqudgha.
  8341 | D:7      | Became a worshipper of Kikubaaqudgha
  8675 | D:8      | Noticed Pikel
  8682 | D:8      | Killed Pikel
  8682 | D:8      | Reached skill level 7 in Dodging
  8682 | D:8      | Reached skill level 5 in Stealth
  8719 | D:8      | Found a glowing golden altar of the Shining One.
  8869 | D:8      | Reached skill level 1 in Shields
  8870 | D:8      | Noticed a hornet
  8880 | D:8      | Paralysed by a hornet for 1 turns
  8883 | D:8      | Killed a hornet
  8883 | D:8      | Reached XP level 10. HP: 22/69 MP: 1/14
  9483 | D:8      | You fall through a shaft for 3 floors!
  9484 | D:11     | Identified a scroll of acquirement
  9490 | D:11     | Got an encrusted hat
  9493 | D:11     | Noticed an eight-headed hydra
  9499 | D:11     | Found a staircase to the Orcish Mines.
  9499 | D:11     | Found Hetzueps's Weapon Shoppe.
  9546 | D:10     | Entered Level 10 of the Dungeon
  9552 | D:10     | Identified the -4 hat of Servitude {rC+ rCorr} (You acquired it on level 11 of the Dungeon)
  9592 | D:10     | Noticed Sonja
  9597 | D:10     | Killed Sonja
  9597 | D:10     | Reached skill level 5 in Shields
  9605 | D:10     | Killed from afar by an orc priest

Vault maps used:
D:1:      matt_arrival_grand_opening, minmay_hexomino_f4
D:2:      xom_redecorated, lemuel_round_altar, uniq_sigmund, uniq_natasha,
          uniq_terence
D:3:      chequers_ecumenical_altar_simple
D:4:      first_bread, minmay_misc_feat_ornament
D:5:      gammafunk_steamed_eel, minivault_26, uniq_edmund
D:6:      nemelex_xobeh_ov_fountains_minmay, nicolae_ru_the_path_less_chosen,
          serial_shops, nicolae_shop_crystal, nicolae_shop_waterfront,
          nicolae_shop_waterfront, nicolae_shop_statue_plus, nicolae_shop_trees,
          uniq_crazy_yiuf_cottage
D:7:      kennysheep_little_box, kennysheep_mini,
          minmay_temple_entry_butterflies, serial_shops, shop, enter_bailey_3
D:8:      lemuel_upstairs_altar, overflow_temple_1_default,
          hangedman_pestilent_swarm, uniq_pikel
D:10:     uniq_psyche, uniq_sonja, uniq_harold, uniq_josephine
D:11:     orc_david_3
Bailey:   bailey_axe_minmay_hex_keep, bailey

Skill      XL: |  1  2  3  4  5  6  7  8  9 10 |
---------------+-------------------------------+-----
Necromancy     | 5 6 |  6.0
Fighting       | 2 3 5 6 |  6.4
Dodging        | 3 4 5 7 |  7.0
Unarmed Combat | 2 3 5 6 |  6.3
Charms         | 2 |  2.2
Spellcasting   | 3 |  3.0
Stealth        | 5 |  5.6
Shields        | 3 5 |  5.6

Action                   |  1- 3 |  4- 6 |  7- 9 | 10-12 || total
-------------------------+-------+-------+-------+-------++-------
Melee: Unarmed           |     4 |    29 |   276 |    23 ||   332
       Dagger            |    50 |    70 |       |       ||   120
       Constrict         |    15 |    17 |    61 |     7 ||   100
       Tentacles         |    10 |    14 |    61 |     3 ||    88
       Punch             |       |     1 |     8 |       ||     9
 Cast: Pain              |    16 |     4 |    23 |     1 ||    44
       Animate Skeleton  |     4 |     9 |    28 |     1 ||    42
       Vampiric Draining |     4 |    11 |    65 |     5 ||    85
       Regeneration      |       |       |     1 |       ||     1
Evoke: Wand              |       |       |       |     2 ||     2
  Use: Potion            |     1 |     3 |     1 |     3 ||     8
       Scroll            |       |     7 |     7 |     3 ||    17
 Stab: Sleeping          |     5 |     5 |     9 |     2 ||    21
       Distracted        |       |       |     2 |     1 ||     3
  Eat: Chunk             |     3 |     7 |    24 |     1 ||    35
       Royal jelly       |       |       |     1 |     1 ||     2
       Fruit             |       |       |     1 |       ||     1
Armor: Skin              |     3 |    21 |    14 |       ||    38
Dodge: Dodged            |    43 |    43 |   192 |    16 ||   294

Table legend:
 A = Spawn XP
 B = Non-spawn XP
 C = Spawn XP percentage of total XP
 D = Spawn monster count
 E = Non-spawn monster count
 F = Spawn count percentage of total count
 G = Total turns spent on level
                    A         B        C        D         E        F      G
               +---------+---------+-------+---------+---------+-------+---------
         Total |     775 |    4870 |  13.7 |      29 |     143 |  16.9 |  9605
               +---------+---------+-------+---------+---------+-------+---------
           D:1 |      12 |      35 |  25.5 |       6 |      21 |  22.2 |  1548
           D:2 |      17 |     371 |   4.4 |       3 |      13 |  18.8 |  1313
           D:3 |     120 |      89 |  57.4 |       5 |      22 |  18.5 |   726
           D:4 |      32 |      48 |  40.0 |       1 |       6 |  14.3 |   621
           D:5 |     130 |     145 |  47.3 |       7 |       5 |  58.3 |  1236
           D:6 |     140 |    1056 |  11.7 |       3 |      21 |  12.5 |  2111
           D:7 |     324 |     419 |  43.6 |       4 |      22 |  15.4 |   694
           D:8 |       0 |    1652 |   0.0 |       0 |      20 |   0.0 |  1118
          D:10 |       0 |     777 |   0.0 |       0 |       5 |   0.0 |    59
          D:11 |       0 |       9 |   0.0 |       0 |       3 |   0.0 |    63
        Bailey |       0 |     269 |   0.0 |       0 |       5 |   0.0 |   116
               +---------+---------+-------+---------+---------+-------+---------
